General information
- name: BNet
- type: Ladder team game (AT/RT)
- host: Battle.net
- saver: TheOdinHour
map: Mur'gulOasis
- players: 8
- length: 35:56
- speed: Fast
- version: 1.26 W3XP
- replay type: Public
» download(171 KB)
Players
team 1 (winner)
anthoni (
blue | 52 APM | 1875 actions | 35:56)
6 Dark Ranger
2 Black Arrow
3 Silence
1 Charm
» actions
| Assign group hotkey | 41 | |
| Basic commands | 20 | |
| Build / train | 82 | |
| ESC pressed | 3 | |
| Enter build submenu | 25 | |
| Enter hero's abilities submenu | 6 | |
| Give item / drop item | 2 | |
| Remove unit from queue | 33 | |
| Right click | 448 | |
| Select / deselect | 430 | |
| Select group hotkey | 692 | |
| Use ability | 93 | |
1875 total
» units
| Wisp | 26 | |
| Archer | 11 | |
| Hippogryph | 9 | |
| Faerie Dragon | 1 | |
| Chimaera | 6 | |
53 total
» upgrades
| Improved Bows | 1 | |
| Strength of the Moon | 0 | |
| Hippogryph Taming | 1 | |
| Moon Armor | -1 | |
| Ultravision | 1 | |
| Well Spring | 1 | |
| Marksmanship | 1 | |
| Corrosive Breath | 2 | |
| Strength of the Wild | | |
| Reinforced Hides | | |
6 total
» buildings
| Moon Well | 9 | |
| Ancient of War | 2 | |
| Altar of Elders | 1 | |
| Ancient of Wonders | 1 | |
| Tree of Ages | 1 | |
| Hunter's Hall | 1 | |
| Ancient of Wind | 3 | |
| Tree of Eternity | 1 | |
| Voodoo Lounge | 1 | |
| Great Hall | 1 | |
| Orc Burrow | 2 | |
| Tree of Life | 1 | |
| Chimaera Roost | 4 | |
28 total
» build order
00:17 Moon Well
00:24 Ancient of War
00:33 Altar of Elders
01:31 Moon Well
02:04 Ancient of Wonders
03:50 Tree of Ages
04:35 Moon Well
04:53 Hunter's Hall
04:55 Moon Well
05:34 Ancient of War
06:32 Ancient of Wind
06:33 Ancient of Wind
07:10 Moon Well
07:10 Moon Well
13:57 Tree of Eternity
15:23 Voodoo Lounge
17:15 Great Hall
18:38 Orc Burrow
19:20 Moon Well
19:20 Moon Well
19:21 Moon Well
19:34 Orc Burrow
20:51 Ancient of Wind
21:28 Tree of Life
22:05 Chimaera Roost
22:05 Chimaera Roost
22:05 Chimaera Roost
22:12 Chimaera Roost
» items
| Lesser Clarity Potion | 4 | |
| Scroll of Town Portal | 2 | |
| Potion of Lesser Invulnerability | 1 | |
| Healing Salve | 1 | |
8 total
Spicey7 (
green | 40 APM | 968 actions | 23:57)
5 Death Knight
3 Unholy Aura
2 Death Coil
1 Lich
1 Frost Nova
1 Dark Ranger
1 Silence
» actions
| Basic commands | 19 | |
| Build / train | 41 | |
| Enter build submenu | 18 | |
| Enter hero's abilities submenu | 8 | |
| Give item / drop item | 5 | |
| Remove unit from queue | 1 | |
| Right click | 581 | |
| Select / deselect | 254 | |
| Use ability | 41 | |
968 total
» units
| Acolyte | 3 | |
| Ghoul | 5 | |
| Crypt Fiend | 6 | |
| Frost Wyrm | 3 | |
17 total
» upgrades
| Creature Attack | 3 | |
| Creature Carapace | 2 | |
| Burrow | 1 | |
| Web | 1 | |
| Freezing Breath | 1 | |
8 total
» buildings
| Altar of Darkness | 1 | |
| Ziggurat | 9 | |
| Crypt | 2 | |
| Graveyard | 1 | |
| Halls of the Dead | 1 | |
| Sacrificial Pit | 1 | |
| Black Citadel | 1 | |
| Boneyard | 3 | |
19 total
» build order
00:10 Altar of Darkness
00:11 Ziggurat
00:54 Crypt
01:01 Crypt
01:29 Ziggurat
01:40 Graveyard
02:52 Ziggurat
03:06 Ziggurat
06:54 Ziggurat
09:04 Halls of the Dead
09:11 Ziggurat
09:12 Ziggurat
14:31 Sacrificial Pit
14:33 Black Citadel
16:58 Boneyard
16:59 Boneyard
17:02 Boneyard
17:04 Ziggurat
17:06 Ziggurat
» items
| Scroll of Town Portal | 1 | |
| Orb of Venom | 1 | |
2 total
TheOdinHour (
purple | 100 APM | 3600 actions | 35:56)
5 Mountain King
3 Storm Bolt
2 Bash
» actions
| Assign group hotkey | 59 | |
| Basic commands | 441 | |
| Build / train | 190 | |
| ESC pressed | 19 | |
| Enter build submenu | 62 | |
| Enter hero's abilities submenu | 5 | |
| Give item / drop item | 9 | |
| Remove unit from queue | 1 | |
| Right click | 1200 | |
| Select / deselect | 584 | |
| Select group hotkey | 828 | |
| Use ability | 202 | |
3600 total
» units
| Peasant | 29 | |
| Footman | 18 | |
| Gryphon Rider | 12 | |
| Dragonhawk Rider | 11 | |
70 total
» upgrades
| Defend | 1 | |
| Masonry | 3 | |
| Lumber Harvesting | 2 | |
| Armor | 3 | |
| Animal War Training | 1 | |
| Swords | 3 | |
| Storm Hammers | 1 | |
| Cloud | 1 | |
| Backpack | 1 | |
| Well Spring | 1 | |
| Plating | 1 | |
| Gunpowder | 1 | |
| Ultravision | 1 | |
| Strength of the Wild | 4 | |
| Reinforced Hides | 4 | |
| Moon Armor | 4 | |
| Strength of the Moon | 4 | |
36 total
» buildings
| Altar of Kings | 1 | |
| Barracks | 1 | |
| Farm | 17 | |
| Arcane Vault | 1 | |
| Scout Tower | 21 | |
| Arcane Tower | 2 | |
| Keep | 4 | |
| Lumber Mill | 1 | |
| Blacksmith | 1 | |
| Town Hall | 8 | |
| Castle | 2 | |
| Guard Tower | 43 | |
| Ancient Protector | 4 | |
| Gryphon Aviary | 4 | |
110 total
» build order
00:12 Altar of Kings
00:14 Barracks
00:16 Farm
00:57 Farm
01:35 Farm
02:12 Arcane Vault
02:57 Farm
03:43 Scout Tower
04:01 Farm
04:14 Arcane Tower
04:54 Keep
04:54 Keep
04:55 Keep
05:22 Lumber Mill
07:21 Farm
07:42 Blacksmith
08:16 Town Hall
08:21 Scout Tower
08:23 Scout Tower
08:25 Scout Tower
08:27 Scout Tower
09:08 Castle
09:09 Castle
09:10 Guard Tower
09:23 Guard Tower
09:28 Guard Tower
09:53 Ancient Protector
09:57 Ancient Protector
10:02 Ancient Protector
10:03 Ancient Protector
10:06 Guard Tower
10:06 Guard Tower
10:18 Gryphon Aviary
10:19 Gryphon Aviary
10:23 Gryphon Aviary
11:33 Scout Tower
11:34 Scout Tower
11:36 Scout Tower
11:40 Scout Tower
11:41 Scout Tower
11:59 Scout Tower
12:01 Scout Tower
12:09 Guard Tower
12:10 Guard Tower
12:10 Guard Tower
12:11 Guard Tower
12:11 Guard Tower
12:12 Guard Tower
12:12 Guard Tower
12:13 Guard Tower
12:13 Guard Tower
12:25 Guard Tower
12:25 Guard Tower
13:10 Guard Tower
13:10 Guard Tower
14:04 Guard Tower
14:04 Guard Tower
14:05 Guard Tower
14:56 Farm
14:56 Farm
14:59 Farm
14:59 Farm
19:25 Town Hall
19:27 Town Hall
19:29 Scout Tower
19:29 Scout Tower
19:30 Scout Tower
19:31 Scout Tower
19:55 Farm
19:55 Farm
19:56 Farm
19:56 Farm
19:57 Farm
19:58 Farm
19:58 Farm
20:01 Guard Tower
20:02 Guard Tower
20:17 Gryphon Aviary
20:54 Scout Tower
20:55 Scout Tower
20:57 Scout Tower
21:21 Guard Tower
21:21 Guard Tower
21:21 Guard Tower
21:22 Guard Tower
21:22 Guard Tower
21:24 Scout Tower
21:25 Scout Tower
21:41 Guard Tower
21:57 Guard Tower
33:11 Town Hall
33:12 Town Hall
33:15 Town Hall
33:17 Town Hall
33:21 Town Hall
» items
| Scroll of Regeneration | 11 | |
| Scroll of Town Portal | 1 | |
| Staff of Teleportation | 1 | |
| Boots of Speed | 1 | |
14 total
minaj_hoe (
teal | 80 APM | 784 actions | 09:45)
1 Demon Hunter
1 Mana Burn
2 Keeper of the Grove
1 Entangling Roots
1 Thorns Aura
» actions
| Assign group hotkey | 11 | |
| Basic commands | 47 | |
| Build / train | 29 | |
| Enter build submenu | 12 | |
| Enter hero's abilities submenu | 3 | |
| Right click | 507 | |
| Select / deselect | 82 | |
| Select group hotkey | 65 | |
| Use ability | 28 | |
784 total
» units
» upgrades
» buildings
| Altar of Elders | 1 | |
| Moon Well | 5 | |
| Ancient of War | 1 | |
| Tree of Ages | 1 | |
| Hunter's Hall | 1 | |
| Ancient of Wonders | 1 | |
| Tree of Eternity | 1 | |
| Ancient of Lore | 1 | |
| Ancient of Wind | 1 | |
13 total
» build order
00:15 Altar of Elders
00:21 Moon Well
00:34 Ancient of War
01:40 Moon Well
03:09 Tree of Ages
03:24 Hunter's Hall
05:09 Ancient of Wonders
05:41 Moon Well
06:41 Moon Well
06:43 Tree of Eternity
06:47 Ancient of Lore
08:32 Moon Well
09:32 Ancient of Wind
» items
| Scroll of Town Portal | 1 | |
| Staff of Preservation | 1 | |
| Potion of Healing | 1 | |
3 total
team 2 (loser)
Mcluvinyou (
pink | 25 APM | 24 actions | 00:58)
» actions
| Basic commands | 1 | |
| Build / train | 2 | |
| ESC pressed | 1 | |
| Enter build submenu | 3 | |
| Right click | 6 | |
| Select / deselect | 8 | |
| Use ability | 3 | |
24 total
» units
» buildings
| Altar of Darkness | 1 | |
| Ziggurat | 1 | |
| Crypt | 1 | |
3 total
» build order
00:07 Altar of Darkness
00:09 Ziggurat
00:34 Crypt

»
quazzy (
yellow | 44 APM | 362 actions | 08:18)
1 Mountain King
1 Storm Bolt
1 Death Knight
1 Unholy Aura
» actions
| Build / train | 37 | |
| Enter build submenu | 20 | |
| Enter hero's abilities submenu | 2 | |
| Remove unit from queue | 5 | |
| Right click | 133 | |
| Select / deselect | 140 | |
| Use ability | 25 | |
362 total
» units
| Peasant | 9 | |
| Footman | 2 | |
| Rifleman | 6 | |
| Acolyte | 2 | |
| Ghoul | -1 | |
18 total
» upgrades
» buildings
| Farm | 8 | |
| Altar of Kings | 1 | |
| Scout Tower | 6 | |
| Arcane Tower | 1 | |
| Barracks | 1 | |
| Lumber Mill | 1 | |
| Blacksmith | 1 | |
| Guard Tower | 5 | |
| Keep | 1 | |
25 total
» build order
00:09 Farm
00:26 Altar of Kings
00:57 Scout Tower
01:19 Farm
01:26 Arcane Tower
01:52 Barracks
01:57 Farm
02:10 Lumber Mill
02:34 Blacksmith
02:37 Scout Tower
03:03 Farm
03:20 Guard Tower
03:40 Farm
04:20 Scout Tower
04:48 Guard Tower
04:50 Farm
05:06 Scout Tower
05:43 Guard Tower
06:32 Keep
06:34 Scout Tower
06:40 Scout Tower
07:10 Guard Tower
07:12 Farm
07:16 Guard Tower
07:20 Farm
BjCarlucciSucks (
red | 19 APM | 155 actions | 08:21)
1 Shadow Hunter
1 Hex
» actions
| Assign group hotkey | 2 | |
| Build / train | 26 | |
| Enter build submenu | 9 | |
| Enter hero's abilities submenu | 1 | |
| Right click | 44 | |
| Select / deselect | 44 | |
| Select group hotkey | 15 | |
| Use ability | 14 | |
155 total
» units
» upgrades
| Pillage | 1 | |
| Armor | 1 | |
| Melee Weapons | 1 | |
3 total
» buildings
| Altar of Storms | 1 | |
| Orc Burrow | 4 | |
| Barracks | 2 | |
| War Mill | 1 | |
| Voodoo Lounge | 1 | |
| Stronghold | 1 | |
10 total
» build order
00:20 Altar of Storms
00:27 Orc Burrow
01:36 Barracks
02:01 War Mill
02:09 Orc Burrow
02:55 Voodoo Lounge
03:13 Orc Burrow
04:13 Orc Burrow
04:48 Barracks
07:14 Stronghold
» items
| Scroll of Speed | 1 | |
| Lesser Clarity Potion | 2 | |
| Healing Salve | 2 | |
5 total
TheLostLimbo (
orange | 51 APM | 1816 actions | 35:56)
4 Blademaster
2 Wind Walk
2 Critical Strike
1 Mountain King
1 Bash
» actions
| Assign group hotkey | 118 | |
| Basic commands | 15 | |
| Build / train | 81 | |
| Enter build submenu | 96 | |
| Enter hero's abilities submenu | 5 | |
| Give item / drop item | 3 | |
| Remove unit from queue | 1 | |
| Right click | 671 | |
| Select / deselect | 421 | |
| Select group hotkey | 175 | |
| Use ability | 230 | |
1816 total
» units
| Peon | 13 | |
| Grunt | 4 | |
| Wind Rider | 3 | |
| Troll Batrider | 3 | |
| Peasant | 2 | |
| Mortar Team | 11 | |
36 total
» upgrades
| Armor | 3 | |
| Ranged Weapons | 2 | |
| Masonry | 2 | |
| Lumber Harvesting | 1 | |
| Gunpowder | 2 | |
| Spiked Barricades | 1 | |
| Flare | 1 | |
12 total
» buildings
| Orc Burrow | 4 | |
| Altar of Storms | 1 | |
| Barracks | 1 | |
| Voodoo Lounge | 1 | |
| Stronghold | 1 | |
| War Mill | 2 | |
| Watch Tower | 47 | |
| Beastiary | 2 | |
| Scout Tower | 46 | |
| Guard Tower | 14 | |
| Workshop | 1 | |
| Farm | 3 | |
| Arcane Vault | 3 | |
| Castle | 1 | |
| Arcane Tower | 2 | |
129 total
» build order
00:15 Orc Burrow
00:52 Altar of Storms
00:53 Barracks
01:10 Orc Burrow
01:52 Voodoo Lounge
03:04 Stronghold
03:36 War Mill
04:18 Orc Burrow
05:15 Watch Tower
05:17 Watch Tower
05:19 Watch Tower
06:50 Beastiary
06:52 Beastiary
07:35 Watch Tower
07:37 Watch Tower
08:41 Scout Tower
08:42 Scout Tower
08:43 Scout Tower
08:45 Scout Tower
09:17 Guard Tower
09:19 Guard Tower
10:55 Scout Tower
10:56 Scout Tower
10:56 Scout Tower
10:57 Scout Tower
10:57 Scout Tower
10:58 Scout Tower
10:58 Scout Tower
10:59 Scout Tower
11:46 Orc Burrow
11:57 Guard Tower
13:04 Watch Tower
13:05 Watch Tower
13:05 Watch Tower
13:08 Watch Tower
13:46 Guard Tower
13:48 Scout Tower
13:48 Scout Tower
13:49 Scout Tower
13:51 Scout Tower
14:10 Workshop
14:15 Farm
14:16 Farm
14:17 Farm
14:24 Scout Tower
14:24 Scout Tower
14:25 Scout Tower
14:28 Guard Tower
14:32 Scout Tower
14:32 Scout Tower
14:37 Guard Tower
15:47 Watch Tower
15:47 Watch Tower
15:49 Watch Tower
15:54 Watch Tower
15:55 Watch Tower
15:55 Watch Tower
15:55 Watch Tower
15:57 Watch Tower
15:58 Watch Tower
15:58 Watch Tower
16:00 Watch Tower
16:00 Watch Tower
16:00 Watch Tower
16:01 Watch Tower
16:02 Watch Tower
16:03 Watch Tower
16:03 Watch Tower
16:03 Watch Tower
16:03 Watch Tower
16:07 Guard Tower
16:48 War Mill
16:57 Arcane Vault
17:01 Arcane Vault
18:08 Watch Tower
18:09 Watch Tower
18:12 Watch Tower
18:13 Watch Tower
18:13 Watch Tower
18:13 Watch Tower
18:14 Watch Tower
18:15 Watch Tower
18:18 Watch Tower
18:18 Watch Tower
18:18 Watch Tower
18:19 Watch Tower
18:21 Watch Tower
18:23 Guard Tower
19:30 Scout Tower
19:31 Scout Tower
19:34 Castle
20:12 Watch Tower
21:13 Arcane Vault
21:17 Arcane Tower
21:21 Scout Tower
21:22 Scout Tower
21:23 Scout Tower
21:25 Scout Tower
21:58 Arcane Tower
22:17 Watch Tower
22:18 Watch Tower
25:01 Guard Tower
28:09 Scout Tower
28:09 Scout Tower
28:10 Scout Tower
28:10 Scout Tower
28:11 Scout Tower
28:17 Scout Tower
28:17 Scout Tower
28:17 Scout Tower
28:20 Scout Tower
28:20 Scout Tower
28:23 Scout Tower
28:23 Scout Tower
28:23 Scout Tower
28:24 Scout Tower
28:24 Scout Tower
28:25 Scout Tower
28:26 Scout Tower
28:26 Scout Tower
28:27 Scout Tower
28:52 Guard Tower
28:56 Guard Tower
29:57 Guard Tower
29:59 Guard Tower
31:00 Watch Tower
31:01 Watch Tower
31:01 Watch Tower
» items
| Healing Salve | 2 | |
| Lesser Clarity Potion | 1 | |
| Scroll of Town Portal | 1 | |
| Boots of Speed | 1 | |
| Staff of Teleportation | 1 | |
| Periapt of Vitality | 1 | |
| Orb of Fire | 1 | |
8 total
Chat log
(00:07 / All) TheLostLimbo: Loving youuuu
(00:10 / All) TheLostLimbo: is easy cuz
(00:12 / All) TheLostLimbo: you beautiful
(00:23 / All) TheLostLimbo: dodo dodododododdo AAAAAHHHHHH
(01:18 / All) TheLostLimbo: I told him I wanted to creep not "dual bm rush"
(01:23 / All) TheOdinHour: lol
(01:23 / All) TheLostLimbo: "anyone can creep"
(02:14 / All) TheLostLimbo: yo lovah
(02:43 / All) TheLostLimbo: Want to stay in my base babe?
(02:55 / All) TheLostLimbo: oh you want to detonate one meh~!
(04:35 / All) TheLostLimbo: oh
(04:48 / All) TheLostLimbo: I thought rted was the leaver
(10:12 / Allies) anthoni: heal plz
(11:41 / Allies) Spicey7: blue purple is bsing
(11:46 / Allies) TheOdinHour: you attacked me first
(11:48 / Allies) TheOdinHour: you are a tker
(11:56 / Allies) Spicey7: no I didn't you stupid DOUCHEBAG
(12:05 / Allies) TheOdinHour: yes you did check replay
(12:07 / Allies) TheOdinHour: reported
(12:21 / Allies) Spicey7: ooh reported check my record you stupid DUMBSHIT
(12:31 / Allies) TheOdinHour: 115-106 is nothing to be proud of
(15:24 / Allies) Spicey7: LEAVE ME ALONE PURPLE
(15:41 / Allies) Spicey7: BLUE KILL PURPLE NOW PLEASE
(15:47 / Allies) TheOdinHour: you attacked me earlier
(15:49 / Allies) TheOdinHour: you are dangerous
(15:50 / Allies) TheOdinHour: a backstabber
(16:11 / Allies) Spicey7: NO I DID NOT YOU STUPID BAFOON PIECE OF DOG SHIT
(16:19 / Allies) TheOdinHour: you attacked me, check replay
(16:24 / Allies) Spicey7: \
(16:30 / Allies) Spicey7: TEAL DID YOU MORON
(16:39 / All) TheOdinHour: TEAL DID YOU MORON - green
(16:41 / All) TheOdinHour: He is a backstabber
(16:43 / All) TheOdinHour: he is dangerous
(21:46 / Allies) TheOdinHour: let's go I got cloud
(22:00 / Allies) TheOdinHour: gogogog
(22:33 / Allies) anthoni: ?? waht??
(23:01 / Allies) Spicey7: COME TO ME BLUE
(23:01 / All) TheLostLimbo: wwoooooooo
(23:03 / All) TheLostLimbo: shit
(24:01 / All) TheLostLimbo: ez
(24:33 / All) TheLostLimbo: you tried hard blue
(24:42 / All) TheOdinHour: this game was way too easy holy shit
(24:47 / All) TheLostLimbo: this is how you help the otehr stabber
(24:54 / All) TheLostLimbo: sans hexing their hero and focusing towers lawl
(25:05 / All) TheLostLimbo: just mass mass towers
(25:09 / All) TheLostLimbo: this is all Obi could do
(25:16 / All) TheLostLimbo: near the end of his playing time
(25:19 / All) TheOdinHour: Blue is AFK I think
(25:23 / All) TheLostLimbo: he was on a lot of household drugs
(25:50 / All) TheLostLimbo: This is the prototype
(25:54 / All) TheLostLimbo: mass towers in a home base
(25:59 / All) TheLostLimbo: not trying to choke or take expo
(26:11 / All) TheLostLimbo: just to buy timne for the other stabber to maneuver
(26:25 / All) TheOdinHour: You towered well
(26:28 / All) TheLostLimbo: aye
(26:30 / All) TheOdinHour: I bet you didn't think I had it
(26:37 / All) TheLostLimbo: I just took all mine and red's peons and tped away
(26:40 / All) TheLostLimbo: I didn't lawl
(26:46 / All) TheOdinHour: sending teal's trees, halfway there
(26:51 / All) TheLostLimbo: I was hoping I bet enough time if you did tho
(26:57 / All) TheOdinHour: oh blue is back
(26:59 / All) TheOdinHour: tryign to pump chims
(27:08 / All) TheOdinHour: I can cancel allied units faggot
(28:37 / All) TheLostLimbo: was macroing in yellows base
(29:00 / All) TheLostLimbo: green should have just charged
(29:06 / All) TheLostLimbo: when I didn't have that many towers on yellow
(29:13 / All) TheOdinHour: yeah he could have won it
(29:17 / All) TheOdinHour: instaed he crept lol
(29:18 / All) TheLostLimbo: yeah
(29:27 / All) TheLostLimbo: he would have aided blue greatly
(29:35 / All) TheLostLimbo: he attacked then pulled back
(29:40 / All) TheOdinHour: Yes blue move your trees to try to kill my expo, I'm killing all my shit to give you the loss anyway
(29:43 / All) TheOdinHour: Do you speak English?
(29:46 / All) TheOdinHour: You have said nothing all game
(30:09 / All) TheLostLimbo: why do people try to add canon towers
(30:18 / All) TheLostLimbo: tehy expensive and damage your own buildings
(30:19 / All) TheOdinHour: cannon towers are useless
(30:21 / All) TheLostLimbo: and can't attack air
(30:41 / All) TheOdinHour: they shouldn't have splash damage on allied units
(30:41 / All) TheLostLimbo: it's funny if it's firing at melee tho
(31:06 / All) TheOdinHour: two teal buildings top left his old base
(31:08 / All) TheOdinHour: hunter hall and altar
(31:11 / All) TheOdinHour: killing my base
(31:31 / All) TheLostLimbo: I made a mcdonalds on the minimap
(32:03 / All) TheOdinHour: Where?
(32:08 / All) TheLostLimbo: is when I was like oh shit
(32:11 / All) TheLostLimbo: at yellow's base
(32:17 / All) TheLostLimbo: big yellow and red blob
(32:17 / All) TheOdinHour: I tried surrounding green's DK and killing it early on
(32:21 / All) TheOdinHour: he used an invul potion
(32:25 / All) TheOdinHour: and fiend focused my footies
(32:26 / All) TheOdinHour: I had to tp lol
(32:29 / All) TheLostLimbo: I didn't see the air at first
(32:31 / All) TheOdinHour: He was really mad
(32:36 / All) TheLostLimbo: I thought you hadn't gotten to air yet
(32:38 / All) TheOdinHour: I said he backstabbed first and said I reported him
(32:46 / All) TheOdinHour: I teched faster than usual this game since I wasn't sure how much time I had
(34:01 / All) TheLostLimbo: flare lasts quite a white
(34:08 / All) TheOdinHour: it's an underused ability in 4v4 rt
(34:21 / All) TheOdinHour: That hall is the last building
(34:25 / All) TheOdinHour: Any final words, blue?
(34:52 / All) TheOdinHour: I like how you towered with both human and orc towers
(35:00 / All) TheLostLimbo: Yeah red had a lot of resources
(35:06 / All) TheOdinHour: Blue canceled the upgrades lol
(35:10 / All) TheOdinHour: He's still here
(35:12 / All) TheOdinHour: Any last words, sir?
(35:15 / All) TheLostLimbo: I tped away to build towrs and prevent him from gaining exp
(35:29 / Allies) TheOdinHour: Any last words?
(35:34 / Allies) TheOdinHour: är du arg bror
(35:51 / All) TheOdinHour: He is a robot and doesn't speak